 Dungeon Crawl Stone Soup version 0.23.2-1-ga50397a (webtiles) character file.

Game seed: 201604908695016037

1741 smcx the Magician (level 8, 0/41 HPs)
             Began as a Deep Elf Fire Elementalist on May 26, 2019.
             Succumbed to a killer bee's poison
             ... on level 6 of the Dungeon.
             The game lasted 00:31:07 (6588 turns).

smcx the Magician (Deep Elf Fire Elementalist)      Turns: 6588, Time: 00:31:08

Health: 0/41       AC: 12    Str:  6    XL:     8   Next: 77%
Magic:  19/30      EV: 14    Int: 32    God:
Gold:   359        SH:  0    Dex: 15    Spells: 6/21 levels left

rFire    . . .     SeeInvis .   a - +6 hunting sling "Ceudeog" {velocity, Int+10 Stlth-}
rCold    . . .     Gourm    .   (no shield)
rNeg     + . .     Faith    .   A - +2 leather armour of Rodicew {+Inv rN+ Stlth+}
rPois    .         Spirit   .   (no helmet)
rElec    .         Reflect  .   x - +0 cloak
rCorr    .         Harm     .   v - +0 pair of gloves
MR       .....                  u - +0 pair of boots
Stlth    ++........             (no amulet)
HPRegen  0.13/turn              w - ring of magical power
MPRegen  0.22/turn              J - +4 ring of protection

@: lethally poisoned (0 -> -12)
A: no striking features
a: Evoke Invisibility


You were on level 6 of the Dungeon.
You were hungry.

You visited 1 branch of the dungeon, and saw 6 of its levels.

You collected 392 gold pieces.
You spent 33 gold pieces at shops.

Inventory:

Hand Weapons
 a - the +6 hunting sling "Ceudeog" (weapon) {velocity, Int+10 Stlth-}
   (You found it on level 5 of the Dungeon)

   Any stone fired from it inflicts extra damage.
   It affects your intelligence (+10).
   It makes you less stealthy.
 b - a +2 spear of piercing
Missiles
 g - 15 sling bullets (quivered)
Armour
 u - a +0 pair of boots (worn)
 v - a +0 pair of gloves (worn)
 x - a +0 cloak (worn)
 z - a +4 scale mail
 A - the +2 leather armour of Rodicew (worn) {+Inv rN+ Stlth+}
   (You found it on level 4 of the Dungeon)

   It protects you from negative energy.
   It lets you turn invisible.
   It makes you more stealthy.
Jewellery
 w - a ring of magical power (left hand)
 J - a +4 ring of protection (right hand)
Wands
 f - a wand of enslavement (9)
Scrolls
 d - 4 scrolls of magic mapping
 e - 2 scrolls of amnesia
 j - 2 scrolls of identify
 o - 3 scrolls of remove curse
 C - a scroll of fog {unknown}
 E - a scroll of teleportation
 F - a scroll of noise {unknown}
 H - 2 scrolls of enchant weapon {unknown}
Potions
 h - a potion of invisibility
 i - a potion of agility {unknown}
 k - a potion of brilliance {unknown}
 m - a potion of ambrosia {unknown}
 q - 3 potions of might {unknown}
 r - 2 potions of curing {unknown}
 B - 4 potions of berserk rage
 G - a potion of lignification {unknown}
 I - 2 potions of flight {unknown}
Comestibles
 c - 3 rations
 l - 7 chunks of flesh


   Skills:
   Level 1.8 Axes
 + Level 2.3 Slings
 + Level 2.8 Armour
 - Level 4.8 Dodging
 - Level 2.4 Stealth
 + Level 7.4 Spellcasting
 + Level 5.7 Conjurations
 + Level 6.6 Fire Magic


You had 6 spell levels left.
You knew the following spells:

 Your Spells              Type           Power        Failure   Level  Hunger
a - Flame Tongue          Conj/Fire      #####        1%          1    None
b - Throw Flame           Conj/Fire      ######       1%          2    None
c - Conjure Flame         Conj/Fire      ######..     1%          3    None
d - Fireball              Conj/Fire      ######....   13%         5    ####...
e - Sticky Flame          Conj/Fire      ######..     4%          4    #......

Your spell library contained the following spells:

 Spells                   Type           Power        Failure   Level  Hunger
 Inner Flame              Hex/Fire       ####....     4%          3    None


Dungeon Overview and Level Annotations

Branches:
Dungeon (6/15)
 Temple: D:4-7

Altars:
Fedhas

Shops:
D:5 ?   D:6 (


Message History

The killer bee stings you but does no damage.
Casting: Flame Tongue (safe; 1% risk of failure)
Confirm with . or Enter, or press ? or * to list all spells.
Aiming: Flame Tongue (safe; 1% risk of failure)
Press: ? - help, Shift-Dir - straight line, f/p - killer bee
Aim: a killer bee (severely wounded)
The flame tongue hits the killer bee.
The killer bee is almost dead.
* * * LOW HITPOINT WARNING * * *
You feel sick. The killer bee misses you. The killer bee barely misses you.
The killer bee closely misses you. The killer bee barely misses you.
The killer bee closely misses you. The killer bee barely misses you.
The killer bee closely misses you. x2
Casting: Flame Tongue (safe; 1% risk of failure)
Confirm with . or Enter, or press ? or * to list all spells.
Aiming: Flame Tongue (safe; 1% risk of failure)
Press: ? - help, Shift-Dir - straight line, f/p - killer bee
Aim: a killer bee (almost dead)
The flame tongue misses the killer bee.
You die...

#.........##..............
#..............##..##.#..
#......)..##..####......
#.........##..........#
##....<.∩####.#...#...# ##
##.....#.............##..
####...............>...#
####.yy............### #
#....@y........##....# .
#.####y.####..###.##.. .. ..
##.## #.## #.###. .. ##
##..###.####.# #. ...
#..............#. ..)####
#.###..........#. ......######
###≈.≈≈≈......^..#. #..†....##
#..≈≈≈≈≈.........##
##.####..###..≈≈_≈≈.........##


You could see 4 killer bees.

Vanquished Creatures
  Sigmund (D:2)
  An orc warrior (D:6)
  4 ogres
  A necrophage (D:5)
  A centaur (D:5)
  2 bullfrogs
  3 scorpions
  A killer bee (D:6)
  2 howler monkeys
  A hound (D:4)
  2 centaur skeletons
  An orc wizard (D:6)
  Jessica (D:2)
  An iguana (D:5)
  Terence (D:2)
  5 worker ants
  A hound skeleton (D:4)
  A worker ant zombie (D:5)
  6 gnolls
  A howler monkey skeleton (D:5)
  4 adders
  2 river rats (D:3)
  An adder zombie (D:6)
  An ooze (D:2)
  2 adder skeletons (D:4)
  3 worms
  5 dart slugs
  4 leopard geckos
  13 orcs
  3 ball pythons
  5 giant cockroaches
  11 hobgoblins
  12 kobolds
  3 quokkas
  6 bats
  4 frilled lizards
  7 goblins
  A jackal skeleton (D:6)
  A leopard gecko skeleton (D:6)
  11 rats
136 creatures vanquished.

Notes
Turn   | Place    | Note
-------+----------+-------------------------------------------
     0 | D:1      | smcx the Deep Elf Fire Elementalist began the quest for the
                  | Orb.
     0 | D:1      | Reached XP level 1. HP: 10/10 MP: 6/6
   291 | D:1      | Reached XP level 2. HP: 13/15 MP: 0/8
   409 | D:1      | Learned a level 2 spell: Throw Flame
  1300 | D:1      | Reached XP level 3. HP: 17/19 MP: 5/10
  1348 | D:1      | Learned a level 3 spell: Conjure Flame
  1480 | D:2      | Noticed Sigmund
  1759 | D:2      | Killed Sigmund
  1759 | D:2      | Reached skill level 4 in Spellcasting
  1759 | D:2      | Reached XP level 4. HP: 14/24 MP: 3/12
  1759 | D:2      | Reached XP level 5. HP: 17/28 MP: 3/13
  1771 | D:2      | Learned a level 5 spell: Fireball
  2029 | D:2      | Noticed Jessica
  2033 | D:2      | Killed Jessica
  2504 | D:2      | Noticed Terence
  2509 | D:2      | Killed Terence
  2509 | D:2      | Reached XP level 6. HP: 32/32 MP: 5/15
  3127 | D:3      | Reached skill level 5 in Spellcasting
  4176 | D:4      | Reached skill level 5 in Fire Magic
  4309 | D:4      | Got a spiked leather armour
  4312 | D:4      | Identified the +2 leather armour of Rodicew {+Inv rN+
                  | Stlth+} (You found it on level 4 of the Dungeon)
  4350 | D:4      | Reached XP level 7. HP: 36/36 MP: 12/17
  4428 | D:4      | Reached skill level 1 in Axes
  4802 | D:4      | Reached skill level 1 in Armour
  4802 | D:4      | Reached skill level 6 in Spellcasting
  5148 | D:5      | Entered Level 5 of the Dungeon
  5223 | D:5      | Found Lafe Xixt's Magic Scroll Boutique.
  5229 | D:5      | Bought a scroll of remove curse for 33 gold pieces
  5456 | D:5      | Got a transparent hunting sling
  5457 | D:5      | Identified the +6 hunting sling "Ceudeog" {velocity, Int+10
                  | Stlth-} (You found it on level 5 of the Dungeon)
  5603 | D:5      | Reached XP level 8. HP: 41/41 MP: 17/19
  5739 | D:5      | Reached skill level 1 in Slings
  5769 | D:5      | Reached skill level 5 in Conjurations
  5946 | D:5      | Learned a level 4 spell: Sticky Flame
  5951 | D:6      | Found Netziacice's Weapon Boutique.
  6201 | D:6      | Reached skill level 7 in Spellcasting
  6475 | D:6      | Found a blossoming altar of Fedhas.
  6587 | D:6      | HP: 1/41 [poisoned by a killer bee]
  6588 | D:6      | Succumbed to a killer bee's poison

Skill      XL: |  1  2  3  4  5  6  7  8 |
---------------+-------------------------+-----
Dodging        | 3 4 |  4.8
Conjurations   | 3 4 5 |  5.7
Spellcasting   | 4 5 6 7 |  7.4
Fire Magic     | 4 5 6 |  6.6
Axes           | 1 |  1.8
Armour         | 1 2 |  2.8
Slings         | 2 |  2.3
Stealth        | |  2.4

Action                   |  1- 3 |  4- 6 |  7- 9 || total
-------------------------+-------+-------+-------++-------
Melee: Short sword       |     6 |       |       ||     6
       Spear             |       |       |     4 ||     4
 Fire: Hunting sling     |       |       |     5 ||     5
 Cast: Flame Tongue      |    61 |    77 |    97 ||   235
       Throw Flame       |     8 |    41 |    50 ||    99
       Conjure Flame     |     2 |       |       ||     2
       Fireball          |       |       |     2 ||     2
  Use: Scroll            |     1 |     3 |     6 ||    10
  Eat: Chunk             |     3 |     1 |     3 ||     7
       Ration            |       |     2 |     1 ||     3
Armor: Robe              |     5 |     3 |       ||     8
       Leather armour    |       |       |    28 ||    28
Dodge: Dodged            |    15 |    25 |    67 ||   107
